Map: Abyssal Reef LE

Players

uThermal

  • Race: Terran Terran
  • Spawn Location: 11:00

GAMETIME - Winner!

  • Race: Zerg Zerg
  • Spawn Location: 5:00

Event: WCS Austin 2017

VOD

Have the link to the VOD?

Description

Time

  • Played on: April 28, 2017, 2:53 p.m.
  • Length: 16:23

All games in this series

Show
View Real Time Build Order
Export as new Build Order

uThermal Terran 

Build Orders: Reaper Expand, MMM Bio 

Get SALT Encoding   

  12  0:02  SCV  
  13  0:14  SCV  
  14  0:17  Supply Depot  
  14  0:26  SCV  
  15  0:38  SCV  
  15  0:40  Barracks  
  16  0:44  Refinery  
  16  0:50  SCV  
  17  1:03  SCV  
  18  1:15  SCV  
  19  1:27  Reaper  
  19  1:28  Orbital Command  
  20  1:41  Command Center  
  20  1:52  Barracks  
  20  1:56  SCV  
  21  2:01  Barracks Reactor  
  21  2:08  SCV  
  22  2:12  Supply Depot  
  22  2:20  SCV  
  22  2:21  Refinery  
  22  2:32  SCV  
  22  2:36  Factory  
  23  2:38  Marine x2  
  23  2:40  Barracks Tech Lab  
  25  2:50  SCV  
  26  2:54  Orbital Command  
  26  3:00  Stimpack  
  26  3:02  SCV  
  26  3:04  Marine x2  
  29  3:11  Marine  
  30  3:14  SCV  
  31  3:20  SCV  
  31  3:22  Marine  
  31  3:26  SCV  
  31  3:27  Starport  
  34  3:28  Factory Reactor  
  34  3:31  Marine x2  
  36  3:38  SCV x2  
  36  3:40  Marine  
  39  3:44  Supply Depot  
  39  3:49  Marine  
  39  3:50  SCV  
  39  3:51  Marine  
  39  3:54  SCV  
  43  3:57  Orbital Command  
  43  4:01  Marine  
  42  4:06  SCV  
  41  4:11  Supply Depot  
  41  4:12  Medivac x2  
  41  4:15  Marine  
  46  4:32  Marine, SCV x2  
  46  4:36  Supply Depot  
  49  4:39  Marine  
  49  4:41  Marine  
  49  4:44  SCV  
  52  4:47  Supply Depot, SCV  
  52  4:50  Marine  
  54  4:57  Marine  
  55  5:02  Engineering Bay  
  55  5:05  Engineering Bay  
  55  5:06  Supply Depot  
  55  5:07  SCV  
  55  5:09  SCV  
  55  5:12  Marine x2  
  59  5:17  Cyclone  
  59  5:18  Combat Shields  
  62  5:21  SCV  
  62  5:24  SCV  
  62  5:28  Medivac  
  66  5:33  Medivac, SCV  
  66  5:35  Marine  
  67  5:36  SCV  
  67  5:38  Marine x2  
  68  5:45  Refinery  
  68  5:46  SCV  
  68  5:48  SCV  
  70  5:52  Marine  
  70  5:53  Terran Infantry Armor Level 1, Terran Infantry Weapons Level 1  
  70  5:55  Marine  
  70  5:56  Marine  
  73  5:58  SCV  
  73  6:00  SCV  
  73  6:03  Supply Depot  
  75  6:10  Marine, SCV  
  77  6:12  SCV  
  77  6:15  Command Center  
  78  6:18  Barracks  
  78  6:24  Supply Depot, Factory Reactor  
  78  6:25  Marine x2  
  80  6:28  Marine, SCV x2  
  83  6:40  SCV x2  
  83  6:43  Marine  
  83  6:47  Liberator x2  
  86  6:48  Marine  
  86  6:52  SCV  
  86  6:53  SCV  
  83  6:55  Marine  
  83  7:01  Marine  
  79  7:05  Barracks x2, SCV x2  
  82  7:11  Marine  
  82  7:13  Armory  
  82  7:14  Marine x2  
  84  7:16  Factory Reactor  
  84  7:17  SCV x2  
  84  7:19  Marine  
  84  7:20  Supply Depot  
  87  7:23  Marine  
  87  7:27  Refinery  
  87  7:29  Marine, SCV x2  
  91  7:33  Marine  
  92  7:38  Marine  
  92  7:39  Bunker  
  92  7:41  SCV x2  
  95  7:44  Marine x2  
  95  7:47  Medivac x2  
  95  7:49  Marine, Orbital Command  
  102  7:53  SCV  
  102  7:54  Barracks Reactor x2  
  102  7:56  Marine, SCV  
  102  7:58  Marine  
  106  8:02  Marine  
  106  8:05  SCV  
  108  8:08  SCV  
  108  8:10  Marine  
  110  8:15  Marine x2, SCV  
  110  8:17  Marine, SCV  
  115  8:20  Marine  
  115  8:23  Terran Infantry Weapons Level 2, Terran Infantry Armor Level 2  
  116  8:30  SCV  
  116  8:32  Supply Depot, Missile Turret, Marine  
  116  8:33  Supply Depot, Widow Mine x2  
  105  8:37  Marine  
  105  8:38  Marine  
  105  8:40  Medivac  
  105  8:42  Medivac  
  105  8:46  Marine x2  
  105  8:47  Marine  
  105  8:48  Missile Turret, Marine  
  109  8:51  Marine  
  111  8:58  Marine x2  
  111  9:00  Marine  
  111  9:02  Widow Mine x2  
  116  9:07  Marine x2  
  113  9:10  Medivac, Marine x2  
  113  9:11  Marine  
  113  9:12  Medivac  
  113  9:16  Marine  
  114  9:18  Marine  
  114  9:21  Bunker  
  114  9:23  Barracks  
  114  9:24  Barracks  
  114  9:26  Missile Turret  
  114  9:28  Marine  
  114  9:29  Marine  
  114  9:30  Widow Mine x2, Marine  
  119  9:32  Marine  
  122  9:45  Marine  
  116  9:47  Marine x2  
  116  9:48  Marine  
  116  9:49  Marine  
  116  9:50  Marine  
  116  9:51  Supply Depot, Marine  
  118  9:52  Supply Depot  
  118  9:55  Marine x2  
  118  9:59  Widow Mine  
  120  10:03  Marine  
  120  10:05  Marine x2  
  120  10:06  Marine  
  120  10:07  Marine  
  120  10:10  Widow Mine, Marine x2  
  120  10:13  Marine x2  
  118  10:14  Barracks Reactor, Barracks Tech Lab  
  118  10:16  Supply Depot  
  118  10:19  Unknown x2  
  118  10:20  Refinery  
  118  10:21  Marine  
  122  10:22  Refinery, Marine  
  122  10:23  Marine  
  122  10:24  Marine x2  
  122  10:27  Supply Depot, Widow Mine, Marine  
  122  10:28  Marine  
  131  10:31  Marine x2  
  129  10:37  Marine  
  129  10:39  Marine  
  129  10:40  Marine x2  
  129  10:41  Supply Depot  
  129  10:42  Supply Depot, Marine x2  
  134  10:45  Marine  
  134  10:47  Terran Infantry Weapons Level 3  
  134  10:49  Terran Infantry Armor Level 3  
  132  10:54  Widow Mine, Marine x2  
  132  10:56  Widow Mine  
  122  10:59  Marine x2  
  114  11:04  Marine x2  
  114  11:05  Marine  
  114  11:06  Medivac  
  114  11:10  Marine  
  114  11:11  Marine x2  
  101  11:14  Marine x2  
  101  11:17  Unknown  
  100  11:19  Marine  
  100  11:20  Marine  
  100  11:21  Bunker  
  100  11:22  Marine  
  100  11:23  Widow Mine  
  100  11:24  Marine x2  
  107  11:28  Marine x2  
  107  11:29  Marine  
  108  11:35  Marine x2  
  108  11:40  Marine x2  
  108  11:42  Widow Mine  
  108  11:45  Marine x3  
  115  11:51  Marine x2  
  115  11:54  Marine x3  
  113  11:56  Marine x2  
  113  11:58  Marine x2  
  116  12:03  Marine  
  116  12:06  Marine x2  
  99  12:09  Marine x2  
  99  12:12  Orbital Command  
  99  12:13  Marine  
  98  12:16  Orbital Command  
  98  12:19  Marine  
  96  12:32  Marine x2  
  96  12:34  Widow Mine, Marine  
  91  12:50  Marine x4  
  91  12:51  Marine  
  88  12:52  Marine  
  88  12:56  Orbital Command  
  88  12:57  Marine  
  88  12:58  Marine x2  
  87  13:00  Marine  
  83  13:08  Marine x2  
  83  13:12  Marine  
  84  13:17  Marine  
  84  13:19  Marine  
  87  13:24  Medivac  
  89  13:28  Marine  
  89  13:32  Marine  
  71  13:44  Widow Mine x2, Marine x3  
  71  13:45  Marine x5  
  71  13:47  Marine  
  84  13:53  Marine x3  
  87  14:00  Medivac x2  
  87  14:02  Marine x4  
  94  14:05  Marine  
  96  14:13  Widow Mine x2  
  83  14:17  Marine x2  
  83  14:19  Marine  
  83  14:20  Marine  
  83  14:21  Marine  
  86  14:28  Marine  
  83  14:31  Marine  
  83  14:32  Marine x3  
  83  14:33  Marine  
  83  14:37  Marine x2  
  83  14:39  Medivac x2, Orbital Command  
  83  14:40  Marine x2  
  83  14:41  Widow Mine x2, Marine  
  83  14:44  Marine  
  95  14:54  Marine x2  
  95  14:57  Marine  
  79  15:09  Medivac  
  79  15:11  Orbital Command  
  65  15:21  Marine  
  65  15:28  Marine  
  67  15:32  Marine  
  68  15:37  Medivac  
  68  15:40  SCV  
  71  15:43  SCV  
  71  15:46  Marine  
  73  15:52  Missile Turret, SCV  
  73  15:55  SCV  
  75  16:04  SCV  
Show
View Real Time Build Order
Export as new Build Order

GAMETIME Zerg - Winner!

Build Orders: Hatch First, Muta Ling Bane 

Get SALT Encoding   

  12  0:00  Drone  
  13  0:12  Overlord  
  13  0:16  Drone  
  14  0:31  Drone x2  
  17  0:35  Drone  
  17  0:52  Hatchery  
  17  0:55  Drone  
  17  0:58  Drone  
  18  1:09  Extractor  
  17  1:13  Spawning Pool  
  17  1:16  Drone  
  17  1:20  Drone  
  18  1:28  Drone  
  19  1:38  Overlord  
  19  1:59  Queen  
  19  2:00  Zergling x4  
  23  2:04  Queen, Zergling x2  
  26  2:09  Metabolic Boost  
  26  2:11  Drone  
  27  2:16  Drone  
  28  2:24  Extractor  
  28  2:26  Drone  
  28  2:27  Overlord  
  29  2:32  Drone  
  30  2:42  Queen  
  30  2:43  Drone x2  
  34  2:56  Hatchery  
  33  2:59  Drone  
  33  3:01  Drone  
  35  3:11  Zergling x2  
  35  3:12  Zergling x6  
  38  3:13  Zergling x2  
  38  3:15  Zergling x2  
  40  3:20  Overlord  
  40  3:26  Overlord  
  40  3:42  Drone  
  40  3:43  Drone x3  
  40  3:44  Overlord  
  44  3:52  Drone x5  
  49  3:57  Drone  
  49  3:59  Overlord  
  49  4:01  Evolution Chamber  
  49  4:02  Drone  
  49  4:08  Queen  
  51  4:11  Queen  
  51  4:16  Overlord  
  53  4:19  Drone x2  
  53  4:20  Drone  
  56  4:27  Zerg Ground Armor Level 1  
  56  4:30  Overlord  
  56  4:31  Drone  
  57  4:40  Queen  
  57  4:44  Drone x3, Extractor  
  62  4:45  Zergling x4  
  62  4:48  Zergling x4  
  62  4:50  Zergling x2  
  66  4:55  Zergling x6  
  69  5:01  Drone  
  69  5:02  Drone x4  
  74  5:07  Zergling x6  
  74  5:13  Lair  
  77  5:18  Drone  
  77  5:19  Drone x4  
  82  5:22  Evolution Chamber  
  82  5:24  Overlord  
  74  5:37  Drone  
  74  5:38  Drone x7  
  74  5:42  Overlord  
  80  5:43  Drone x3  
  80  5:49  Zerg Melee Weapons Level 1  
  83  5:50  Zergling x2, Baneling Nest  
  83  5:51  Zergling x4  
  83  5:53  Zergling x4  
  87  5:58  Extractor  
  87  5:59  Drone x4, Extractor  
  87  6:00  Drone  
  87  6:04  Overlord, Extractor  
  89  6:12  Drone x4, Extractor  
  89  6:16  Drone  
  93  6:19  Drone, Spire  
  93  6:22  Zergling x2  
  94  6:27  Zergling x4, Hatchery  
  94  6:31  Zergling x6  
  98  6:38  Zergling x10  
  105  6:40  Zergling x4  
  105  6:44  Zergling x2  
  101  6:49  Zergling x2  
  101  6:50  Zergling x4  
  91  6:59  Zergling x2  
  91  7:00  Zergling x10  
  88  7:01  Zergling x4  
  88  7:02  Queen x2  
  88  7:03  Zergling x2  
  90  7:09  Zergling x2  
  90  7:10  Zergling x6  
  92  7:16  Zerg Ground Armor Level 2  
  92  7:21  Zergling x6, Hatchery  
  94  7:24  Zergling x2, Baneling  
  94  7:25  Centrifical Hooks, Baneling x3  
  95  7:30  Drone  
  95  7:32  Mutalisk  
  95  7:33  Mutalisk  
  100  7:38  Overlord x2  
  100  7:39  Overlord  
  100  7:40  Overseer x2  
  100  7:41  Zerg Flyer Weapons Level 1  
  100  7:49  Baneling x6  
  100  7:56  Mutalisk  
  100  7:57  Mutalisk x4  
  110  7:58  Zergling x2  
  110  8:04  Zergling x2  
  112  8:12  Zergling x12  
  114  8:14  Baneling  
  114  8:15  Zergling x2, Baneling x4  
  114  8:19  Mutalisk  
  110  8:20  Mutalisk  
  110  8:23  Mutalisk  
  107  8:33  Zergling x2  
  103  8:34  Zergling x6  
  103  8:36  Zergling x8  
  103  8:39  Drone  
  104  8:44  Baneling x7  
  104  8:45  Drone x2  
  104  8:46  Zergling x2  
  104  8:47  Mutalisk  
  109  8:52  Mutalisk  
  109  8:53  Zergling x2  
  109  8:55  Overlord x2  
  112  8:58  Zergling x2  
  112  9:00  Zergling x4  
  111  9:14  Zergling x2  
  111  9:15  Zergling x10  
  104  9:18  Zergling x4, Mutalisk x2  
  104  9:20  Zergling x2  
  104  9:21  Baneling x4  
  104  9:22  Zergling x4, Overlord  
  113  9:27  Drone x2  
  113  9:28  Queen  
  113  9:29  Zergling x2  
  118  9:32  Baneling x3  
  118  9:34  Zergling x8  
  122  9:44  Zergling x8  
  117  9:48  Mutalisk x2, Baneling x3  
  117  9:49  Zergling x4  
  115  9:56  Mutalisk  
  115  9:58  Zergling x2  
  115  9:59  Zergling x6  
  118  10:04  Zergling x2  
  118  10:05  Zergling x4  
  118  10:10  Mutalisk x2  
  118  10:11  Zergling x2  
  118  10:12  Zergling x2  
  117  10:16  Zergling x8  
  117  10:17  Baneling x2  
  122  10:21  Zergling x6  
  122  10:25  Baneling  
  122  10:26  Zergling x2, Baneling x7  
  125  10:30  Zergling x2  
  125  10:32  Zergling x4  
  128  10:36  Zergling x2  
  128  10:37  Overseer  
  128  10:38  Baneling x4  
  128  10:39  Baneling  
  129  10:44  Zergling x4  
  129  10:45  Zergling x6  
  127  10:52  Zergling x2  
  127  10:53  Zergling x14, Hatchery  
  127  10:56  Mutalisk  
  124  11:00  Mutalisk  
  124  11:03  Mutalisk  
  123  11:04  Zergling x4  
  111  11:15  Zergling x22  
  111  11:17  Mutalisk  
  119  11:18  Zergling x4  
  119  11:22  Baneling x4  
  119  11:23  Baneling x2  
  119  11:24  Zergling x4  
  119  11:25  Zergling x2, Baneling  
  124  11:31  Zergling x6  
  125  11:33  Zergling x4  
  125  11:34  Baneling x2  
  125  11:36  Zergling x2  
  119  11:40  Mutalisk  
  119  11:42  Zergling x2  
  119  11:43  Zergling x6, Baneling x3  
  119  11:46  Zergling x4  
  122  11:54  Zergling x4  
  122  11:55  Zergling x12  
  122  11:58  Mutalisk x2  
  129  12:05  Zergling x2  
  129  12:06  Zergling x8  
  129  12:07  Mutalisk  
  122  12:09  Baneling  
  122  12:10  Zergling x6  
  123  12:19  Mutalisk  
  123  12:20  Zergling x6  
  123  12:21  Zergling x4, Baneling x2  
  124  12:23  Drone, Queen, Zergling x4  
  124  12:24  Drone  
  124  12:25  Zergling x2  
  124  12:29  Zergling x6  
  132  12:34  Zergling x2  
  132  12:35  Zergling x6  
  132  12:36  Baneling x3  
  120  12:49  Zergling x22  
  126  12:51  Zergling x4  
  126  12:54  Mutalisk  
  126  12:55  Mutalisk  
  122  12:59  Zergling x6  
  122  13:01  Mutalisk  
  121  13:06  Zergling x2  
  121  13:07  Zergling x6, Mutalisk  
  121  13:08  Zergling x4  
  127  13:13  Baneling  
  127  13:14  Zergling x4, Baneling x7  
  127  13:15  Zergling x2  
  127  13:17  Zergling x2  
  127  13:18  Baneling x2  
  127  13:19  Zergling x2  
  132  13:21  Zergling x2  
  132  13:23  Zergling x2  
  132  13:24  Mutalisk  
  130  13:27  Baneling  
  130  13:28  Zergling x4  
  120  13:44  Zergling x2  
  120  13:45  Zergling x22, Overlord  
  120  13:46  Overlord x2  
  120  13:47  Zerg Melee Weapons Level 2  
  130  13:53  Baneling x6  
  130  13:54  Zergling x2  
  131  13:59  Drone x2  
  131  14:01  Hatchery  
  132  14:08  Mutalisk x2  
  132  14:09  Zergling x2  
  137  14:10  Zergling x10  
  116  14:27  Zergling x2  
  116  14:28  Zergling x26  
  125  14:31  Mutalisk x2  
  125  14:37  Zergling x2  
  125  14:38  Zergling x8  
  132  14:39  Baneling x2  
  132  14:40  Baneling x2  
  132  14:41  Baneling  
  132  14:43  Baneling  
  132  14:47  Baneling  
  132  14:48  Baneling x2  
  132  14:49  Zergling x4  
  134  14:55  Zergling x12  
  134  14:57  Zergling x2  
  130  15:07  Zergling x8  
  130  15:08  Zergling x12  
  130  15:11  Zergling x2  
  130  15:12  Zergling x10  
  127  15:15  Mutalisk  
  127  15:17  Zergling x2  
  121  15:31  Baneling x7  
  121  15:32  Baneling x5  
  121  15:33  Baneling x6  
  121  15:34  Overseer x2, Baneling x3  
  121  15:36  Zergling x2  
  121  15:37  Zergling x6  
  121  15:40  Zergling x2  
  121  15:41  Zergling x4  
  128  15:43  Mutalisk  
  128  15:44  Baneling  
  128  15:45  Baneling  
  128  15:48  Drone x3  
  128  15:49  Mutalisk  
  133  15:54  Zergling x2  
  133  15:55  Zergling x8  
  133  15:56  Baneling x3  
Tags
 
Add a new tag
Caveats
  • Supply blocks, unpowered buildings, or Contaminate may cause inaccurate times.
  • Supply counts are checked every 10 seconds.